TOP OF THE 1ST |
Hamilton Cardinals batting - Pitching for Winnipeg Goldeyes : RHP Carlos Palacios
|
Pitching: RHP Carlos Palacios
|
|
Batting: RHB Nick Latulippe
|
0-0: Foul Ball, location: 2F 0-1: Ball 1-1: Swinging Strike 1-2: Fly out, F8 (Flyball, 78D, EV 94.4 MPH)
|
Batting: LHB Jorge Zarazua
|
0-0: Ball 1-0: Called Strike 1-1: Fly out, F5 (Popup, 5SF, EV 85.0 MPH)
|
Batting: RHB Chris LaReau
|
0-0: Ball 1-0: Ball 2-0: Fly out, F4 (Popup, 3S, EV 79.4 MPH)
|
Top of the 1st over - 0 runs, 0 hits, 0 errors, 0 left on base; Hamilton 0 - Winnipeg 0 |
BOTTOM OF THE 1ST |
Winnipeg Goldeyes batting - Pitching for Hamilton Cardinals : RHP Rafael Montano
|
Pitching: RHP Rafael Montano
|
|
Batting: SHB Ian Thompson
|
0-0: Ball 1-0: Called Strike 1-1: Swinging Strike 1-2: Ball 2-2: Ball 3-2: Base on Balls
|
Batting: RHB David McClellan
|
0-0: Ball 1-0: Swinging Strike 1-1: Ball 2-1: Swinging Strike 2-2: Ball 3-2: Foul Ball, location: 2F 3-2: Strikes out swinging Ian Thompson steals 2nd, throwing error, E2 Ian Thompson to third
|
Batting: RHB Steve Raine
|
0-0: Ball 1-0: Called Strike 1-1: Fly out, F8 (Line Drive, 8RD, EV 93.1 MPH) Runner from 3rd tags up, SCORES, no throw by CF
|
Batting: RHB Willie Jimenez
|
0-0: Called Strike 0-1: Ball 1-1: Ground out 6-3 (Groundball, 6, EV 88.8 MPH)
|
Bottom of the 1st over - 1 run, 0 hits, 1 error, 0 left on base; Hamilton 0 - Winnipeg 1 |
TOP OF THE 2ND |
Hamilton Cardinals batting - Pitching for Winnipeg Goldeyes : RHP Carlos Palacios
|
Batting: RHB Richard Riggs
|
0-0: Called Strike 0-1: SOLO HOME RUN (Flyball, 7LD, EV 95.0 MPH), Distance : 344 ft
|
Batting: RHB Bernard Claude
|
0-0: Ball 1-0: Called Strike 1-1: Foul Ball, location: 2F 1-2: Strikes out looking
|
Batting: SHB Steve Langlois
|
0-0: Foul Ball, location: 2F 0-1: Ball 1-1: Foul Ball, location: 2F 1-2: Strikes out looking
|
Batting: LHB Ivan Cortez
|
0-0: Ball 1-0: Ball 2-0: Called Strike 2-1: Swinging Strike 2-2: DOUBLE (Line Drive, 7LS, EV 99.4 MPH)
|
Batting: RHB Julio Sandoval
|
0-0: Called Strike 0-1: Called Strike 0-2: Strikes out looking
|
Top of the 2nd over - 1 run, 2 hits, 0 errors, 1 left on base; Hamilton 1 - Winnipeg 1 |
BOTTOM OF THE 2ND |
Winnipeg Goldeyes batting - Pitching for Hamilton Cardinals : RHP Rafael Montano
|
Batting: LHB Kuemon Shishido
|
0-0: Called Strike 0-1: Swinging Strike 0-2: Fly out, F8 (Line Drive, 8LD, EV 93.1 MPH)
|
Batting: RHB Antonio Santos
|
0-0: Ball 1-0: Called Strike 1-1: Foul Ball, location: 2F 1-2: Foul Ball, location: 2F 1-2: Foul Ball, location: 2F 1-2: Ball 2-2: Ground out 5-3 (Groundball, 15, EV 88.1 MPH)
|
Batting: RHB Ton van Dijk
|
0-0: Ball 1-0: Foul Ball, location: 2F 1-1: Swinging Strike 1-2: Strikes out swinging
|
Bottom of the 2nd over - 0 runs, 0 hits, 0 errors, 0 left on base; Hamilton 1 - Winnipeg 1 |
TOP OF THE 3RD |
Hamilton Cardinals batting - Pitching for Winnipeg Goldeyes : RHP Carlos Palacios
|
Batting: RHB Edgar Klockow
|
0-0: Called Strike 0-1: SINGLE (Groundball, 56D, EV 100.6 MPH)
|
Batting: RHB Nick Latulippe
|
0-0: Called Strike 0-1: Swinging Strike 0-2: Foul Ball, location: 2F 0-2: Ball 1-2: Strikes out swinging
|
Batting: LHB Jorge Zarazua
|
0-0: Ball 1-0: Called Strike 1-1: Foul Ball, location: 2F 1-2: Ball 2-2: Ball 3-2: Reached on error, E4 (Groundball, 34, EV 102.5 MPH) Edgar Klockow to second
|
Batting: RHB Chris LaReau
|
0-0: Ball 1-0: DOUBLE (Line Drive, 7LS, EV 87.5 MPH) Edgar Klockow scores Jorge Zarazua to third Runner from 3rd tries for Home, throw by LF and OUT! 7-6-2 Chris LaReau to third
|
Batting: RHB Richard Riggs
|
0-0: Swinging Strike 0-1: Ball 1-1: Called Strike 1-2: Fly out, F9 (Line Drive, 9, EV 90.0 MPH)
|
Top of the 3rd over - 1 run, 2 hits, 1 error, 1 left on base; Hamilton 2 - Winnipeg 1 |
BOTTOM OF THE 3RD |
Winnipeg Goldeyes batting - Pitching for Hamilton Cardinals : RHP Rafael Montano
|
Batting: RHB Kenny Reynolds
|
0-0: Called Strike 0-1: Foul Ball, location: 2F 0-2: Strikes out looking
|
Batting: RHB Ricky Pizarro
|
0-0: Fly out, F8 (Flyball, 89D, EV 104.4 MPH)
|
Batting: SHB Ian Thompson
|
0-0: Called Strike 0-1: Ball 1-1: Called Strike 1-2: Strikes out looking
|
Bottom of the 3rd over - 0 runs, 0 hits, 0 errors, 0 left on base; Hamilton 2 - Winnipeg 1 |
TOP OF THE 4TH |
Hamilton Cardinals batting - Pitching for Winnipeg Goldeyes : RHP Carlos Palacios
|
Batting: RHB Bernard Claude
|
0-0: Ball 1-0: Called Strike 1-1: Ball 2-1: Foul Ball, location: 2F 2-2: Ball 3-2: Fly out, F5 (Popup, 5F, EV 64.4 MPH)
|
Batting: SHB Steve Langlois
|
0-0: Called Strike 0-1: Ball 1-1: Ball 2-1: Swinging Strike 2-2: Strikes out swinging
|
Batting: LHB Ivan Cortez
|
0-0: Ball 1-0: Ball 2-0: Ball 3-0: Called Strike 3-1: Ground out 4-3 (Groundball, 4S, EV 80.0 MPH)
|
Top of the 4th over - 0 runs, 0 hits, 0 errors, 0 left on base; Hamilton 2 - Winnipeg 1 |
BOTTOM OF THE 4TH |
Winnipeg Goldeyes batting - Pitching for Hamilton Cardinals : RHP Rafael Montano
|
Batting: RHB David McClellan
|
0-0: Ball 1-0: Foul Ball, location: 2F 1-1: Ground out 4-3 (Groundball, 4MS, EV 70.6 MPH)
|
Batting: RHB Steve Raine
|
0-0: Ball 1-0: SINGLE (Groundball, 3D, EV 100.0 MPH)
|
Batting: RHB Willie Jimenez
|
0-0: Called Strike Steve Raine is caught stealing 2nd base 2-4 0-1: Ball 1-1: Ball 2-1: Swinging Strike 2-2: Strikes out swinging
|
Bottom of the 4th over - 0 runs, 1 hit, 0 errors, 0 left on base; Hamilton 2 - Winnipeg 1 |
TOP OF THE 5TH |
Hamilton Cardinals batting - Pitching for Winnipeg Goldeyes : RHP Carlos Palacios
|
Batting: RHB Julio Sandoval
|
0-0: Called Strike 0-1: Ball 1-1: Foul Ball, location: 2F 1-2: Ball 2-2: Ball 3-2: Base on Balls
|
Batting: RHB Edgar Klockow
|
0-0: Swinging Strike 0-1: Foul Ball, location: 2F 0-2: Ball 1-2: Strikes out looking
|
Batting: RHB Nick Latulippe
|
0-0: Ball 1-0: Ball 2-0: Ball 3-0: Base on Balls Julio Sandoval to second
|
Batting: LHB Jorge Zarazua
|
0-0: Foul Ball, location: 2F 0-1: Foul Ball, location: 2F 0-2: Strikes out swinging
|
Batting: RHB Chris LaReau
|
0-0: Ball 1-0: Ball 2-0: Called Strike 2-1: Foul Ball, location: 2F 2-2: 3-RUN HOME RUN (Flyball, 7LD, EV 92.5 MPH), Distance : 349 ft
|
Pitching: LHP David Gordon
|
|
Batting: RHB Richard Riggs
|
0-0: Called Strike 0-1: Ball 1-1: Foul Ball, location: 2F 1-2: Ball 2-2: Ball 3-2: Strikes out swinging
|
Top of the 5th over - 3 runs, 1 hit, 0 errors, 0 left on base; Hamilton 5 - Winnipeg 1 |
BOTTOM OF THE 5TH |
Winnipeg Goldeyes batting - Pitching for Hamilton Cardinals : RHP Rafael Montano
|
Batting: LHB Kuemon Shishido
|
0-0: Ball 1-0: Called Strike 1-1: Ball 2-1: Swinging Strike 2-2: Ball 3-2: Foul Ball, location: 2F 3-2: Strikes out swinging
|
Batting: RHB Antonio Santos
|
0-0: Swinging Strike 0-1: Fly out, F9 (Flyball, 9D, EV 90.0 MPH)
|
Batting: RHB Ton van Dijk
|
0-0: Foul Ball, location: 2F 0-1: Ball 1-1: Ball 2-1: Foul Ball, location: 2F 2-2: DOUBLE (Groundball, 5L, EV 100.6 MPH)
|
Batting: RHB Kenny Reynolds
|
0-0: Called Strike 0-1: Ball 1-1: Swinging Strike 1-2: Ball 2-2: Strikes out swinging
|
Bottom of the 5th over - 0 runs, 1 hit, 0 errors, 1 left on base; Hamilton 5 - Winnipeg 1 |
TOP OF THE 6TH |
Hamilton Cardinals batting - Pitching for Winnipeg Goldeyes : LHP David Gordon
|
Batting: RHB Bernard Claude
|
0-0: Foul Ball, location: 2F 0-1: Ball 1-1: Ball 2-1: Foul Ball, location: 2F 2-2: Ball 3-2: Base on Balls
|
Batting: SHB Steve Langlois
|
0-0: Ball 1-0: Ball 2-0: Called Strike 2-1: Called Strike 2-2: Ball 3-2: Fielders Choice at 2nd, 4-6 (Groundball, 34, EV 89.4 MPH)
|
Pitching: LHP Kevin Drew
|
|
Batting: LHB Ivan Cortez
|
0-0: Ball 1-0: Called Strike 1-1: Called Strike 1-2: Fly out, F5 (Popup, 56, EV 68.1 MPH)
|
Batting: RHB Julio Sandoval
|
0-0: Fly out, F3 (Popup, 3, EV 65.6 MPH)
|
Top of the 6th over - 0 runs, 0 hits, 0 errors, 1 left on base; Hamilton 5 - Winnipeg 1 |
BOTTOM OF THE 6TH |
Winnipeg Goldeyes batting - Pitching for Hamilton Cardinals : RHP Rafael Montano
|
Batting: RHB Ricky Pizarro
|
0-0: Called Strike 0-1: Ground out 6-3 (Groundball, 56, EV 90.6 MPH)
|
Batting: SHB Ian Thompson
|
0-0: Called Strike 0-1: Ball 1-1: Foul Ball, location: 2F 1-2: Foul Ball, location: 2F 1-2: Ball 2-2: Ball 3-2: Foul Ball, location: 2F 3-2: Ground out 5-3 (Groundball, 56, EV 86.3 MPH)
|
Batting: RHB David McClellan
|
0-0: SINGLE (Line Drive, 5D, EV 106.9 MPH)
|
Pitching: RHP Jeremy Bonita
|
|
Batting: RHB Steve Raine
|
0-0: Foul Ball, location: 2F 0-1: Foul Ball, location: 2F 0-2: Strikes out swinging
|
Bottom of the 6th over - 0 runs, 1 hit, 0 errors, 1 left on base; Hamilton 5 - Winnipeg 1 |
TOP OF THE 7TH |
Hamilton Cardinals batting - Pitching for Winnipeg Goldeyes : LHP Kevin Drew
|
Batting: RHB Edgar Klockow
|
0-0: Called Strike 0-1: Foul Ball, location: 2F 0-2: Foul Ball, location: 2F 0-2: Strikes out swinging, 2-3 out at first.
|
Batting: RHB Nick Latulippe
|
0-0: Ball 1-0: Ground out U3 (Groundball, 34S, EV 85.0 MPH)
|
Batting: LHB Jorge Zarazua
|
0-0: Foul Ball, location: 2F 0-1: Ball 1-1: Ball 2-1: Ground out U3 (Groundball, 3, EV 86.3 MPH)
|
Top of the 7th over - 0 runs, 0 hits, 0 errors, 0 left on base; Hamilton 5 - Winnipeg 1 |
BOTTOM OF THE 7TH |
Winnipeg Goldeyes batting - Pitching for Hamilton Cardinals : RHP Jeremy Bonita
|
Batting: RHB Willie Jimenez
|
0-0: Fly out, F7 (Flyball, 7S, EV 83.1 MPH)
|
Batting: LHB Kuemon Shishido
|
0-0: Foul Ball, location: 2F 0-1: Foul Ball, location: 2F 0-2: Ball 1-2: Strikes out swinging
|
Batting: RHB Antonio Santos
|
0-0: Ball 1-0: Called Strike 1-1: Ball 2-1: SINGLE (Line Drive, 4D, EV 96.3 MPH)
|
Batting: RHB Ton van Dijk
|
0-0: Ball 1-0: Foul Ball, location: 2F 1-1: SINGLE (Groundball, 34D, EV 108.8 MPH) Antonio Santos to second Runner from 2nd tries for 3rd, SAFE, throw by RF made to third
|
Batting: RHB Kenny Reynolds
|
0-0: Foul Ball, location: 2F 0-1: Called Strike 0-2: Ball 1-2: Foul Ball, location: 2F 1-2: Ball 2-2: Strikes out swinging
|
Bottom of the 7th over - 0 runs, 2 hits, 0 errors, 2 left on base; Hamilton 5 - Winnipeg 1 |
TOP OF THE 8TH |
Hamilton Cardinals batting - Pitching for Winnipeg Goldeyes : LHP Kevin Drew
|
Pitching: RHP Tim Weller
|
|
Batting: RHB Chris LaReau
|
0-0: Called Strike 0-1: Ball 1-1: Foul Ball, location: 2F 1-2: Ball 2-2: Ground out 4-3 (Groundball, 4, EV 111.3 MPH)
|
Batting: RHB Richard Riggs
|
0-0: Called Strike 0-1: Foul Ball, location: 2F 0-2: Ball 1-2: Ball 2-2: Strikes out swinging
|
Batting: RHB Bernard Claude
|
0-0: Called Strike 0-1: Foul Ball, location: 2F 0-2: Ball 1-2: Ball 2-2: Strikes out swinging
|
Top of the 8th over - 0 runs, 0 hits, 0 errors, 0 left on base; Hamilton 5 - Winnipeg 1 |
BOTTOM OF THE 8TH |
Winnipeg Goldeyes batting - Pitching for Hamilton Cardinals : RHP Jeremy Bonita
|
Pitching: RHP Jason Meade
|
|
Batting: RHB Ricky Pizarro
|
0-0: Called Strike 0-1: Ball 1-1: Ball 2-1: Ball 3-1: Called Strike 3-2: Fly out, F7 (Flyball, 78D, EV 94.4 MPH)
|
Batting: SHB Ian Thompson
|
0-0: Foul Ball, location: 2F 0-1: Foul Ball, location: 2F 0-2: Strikes out swinging
|
Batting: RHB David McClellan
|
0-0: Called Strike 0-1: Foul Ball, location: 2F 0-2: Ball 1-2: Strikes out swinging
|
Bottom of the 8th over - 0 runs, 0 hits, 0 errors, 0 left on base; Hamilton 5 - Winnipeg 1 |
TOP OF THE 9TH |
Hamilton Cardinals batting - Pitching for Winnipeg Goldeyes : RHP Tim Weller
|
Pitching: RHP Larry Muttart
|
|
Batting: SHB Steve Langlois
|
0-0: Foul Ball, location: 2F 0-1: Foul Ball, location: 2F 0-2: SINGLE (Groundball, 4MD, EV 105.0 MPH)
|
Batting: LHB Ivan Cortez
|
0-0: Foul Ball, location: 2F 0-1: Ball 1-1: Sac Bunt to 3S - play at first, batter safe! Steve Langlois to second
|
Batting: RHB Julio Sandoval
|
0-0: Swinging Strike 0-1: Foul Ball, location: 2F 0-2: Ball 1-2: Foul Ball, location: 2F 1-2: Foul Ball, location: 2F 1-2: Foul Ball, location: 2F 1-2: Ball 2-2: Ball 3-2: Base on Balls Steve Langlois to third Ivan Cortez to second
|
Pinch Hitting: LHB Travis Ruppel
|
0-0: Swinging Strike 0-1: Ball 1-1: Ball 2-1: Called Strike 2-2: Ball 3-2: Base on Balls Steve Langlois scores Ivan Cortez to third Julio Sandoval to second
|
Pitching: RHP Scot Abbott
|
|
Batting: RHB Nick Latulippe
|
0-0: Ball 1-0: Foul Ball, location: 2F 1-1: Ball 2-1: Foul Ball, location: 2F 2-2: Ground out 6-3 (Groundball, 6S, EV 75.6 MPH) Ivan Cortez scores Julio Sandoval to third Travis Ruppel to second
|
Batting: LHB Jorge Zarazua
|
0-0: Called Strike 0-1: Ball 1-1: Ball 2-1: Called Strike 2-2: Foul Ball, location: 2F 2-2: Ball 3-2: Fly out, F8 (Flyball, 8RD, EV 102.5 MPH) Runner from 3rd tags up, SCORES, throw by CF
|
Batting: RHB Chris LaReau
|
0-0: Ball 1-0: Called Strike 1-1: Foul Ball, location: 2F 1-2: Foul Ball, location: 2F 1-2: 2-RUN HOME RUN (Flyball, 78XD, EV 110.0 MPH), Distance : 447 ft
|
Batting: RHB Richard Riggs
|
0-0: Ball 1-0: Called Strike 1-1: Ball 2-1: Foul Ball, location: 2F 2-2: Ball 3-2: Base on Balls
|
Pitching: RHP Tom Winsor
|
|
Batting: RHB Bernard Claude
|
0-0: Ball 1-0: Foul Ball, location: 2F 1-1: SINGLE (Groundball, 3S, EV 78.1 MPH) (infield hit) Richard Riggs to second
|
Batting: SHB Steve Langlois
|
0-0: Foul Ball, location: 2F 0-1: Swinging Strike 0-2: Ball 1-2: Strikes out swinging
|
Top of the 9th over - 5 runs, 4 hits, 0 errors, 2 left on base; Hamilton 10 - Winnipeg 1 |
BOTTOM OF THE 9TH |
Winnipeg Goldeyes batting - Pitching for Hamilton Cardinals : RHP Jason Meade
|
Now in RF: Travis Ruppel
|
|
Batting: RHB Steve Raine
|
0-0: Called Strike 0-1: Swinging Strike 0-2: Strikes out swinging
|
Pinch Hitting: RHB Tim Carter
|
0-0: Ground out 5-3 (Groundball, 5S, EV 81.9 MPH)
|
Batting: LHB Kuemon Shishido
|
0-0: Ball 1-0: Swinging Strike 1-1: Ball 2-1: Ball 3-1: Called Strike 3-2: Strikes out swinging
|
Bottom of the 9th over - 0 runs, 0 hits, 0 errors, 0 left on base; Hamilton 10 - Winnipeg 1 |
|